 Dungeon Crawl Stone Soup version 0.31-a0-229-g1fc7ce93e2 (webtiles) character file.

Game seed: 12719949842850774301

113 qw the Shooter (level 4, 0/26 HPs)
             Began as a Gargoyle Hexslinger on July 6, 2023.
             Slain by a kobold
             ... wielding a +0 dagger of distortion
              (7 damage)
             ... on level 3 of the Dungeon.
             The game lasted 00:00:39 (1697 turns).

qw the Shooter (Gargoyle Hexslinger)                Turns: 1697, Time: 00:00:40

Health: 0/26       AC: 11    Str: 12    XL:     4   Next: 96%
Magic:  5/5        EV: 10    Int: 13    God:
Gold:   176        SH:  0    Dex: 14    Spells: 4/5 levels left

rFire   . . .        Y - +1 sling
rCold   . . .        (no shield)
rNeg    + . .        e - +0 ring mail
rPois   inf          b - +2 helmet
rElec   +            (no cloak)
rCorr   +            (no gloves)
SInv    .            (no boots)
Will    .....        (no amulet)
Stlth   +            j - ring of resist corrosion
HPRegen 0.24/turn    (no ring)
MPRegen 0.09/turn

%: no passive effects
@: no status effects
A: sickness immunity, AC +3, negative energy resistance 1, electricity
resistance, torment resistance 1, petrification resistance
a: no special abilities


You were on level 3 of the Dungeon.
You visited 1 branch of the dungeon, and saw 3 of its levels.

You collected 176 gold pieces.


Innate Abilities, Weirdness & Mutations

You are immune to sickness and miasma.
Your stone body is resilient. (AC +3)
You are immune to poison.
You resist negative energy. (rN+)
You are resistant to electric shocks. (rElec)
You are resistant to unholy torment.
You are immune to petrification.


   Skills:
 - Level 2.0 Fighting
 + Level 4.4 Ranged Weapons
 - Level 1.3 Armour
 - Level 1.5 Dodging
 - Level 1.0 Spellcasting
 - Level 2.6 Hexes


You had 4 spell levels left.
You knew the following spells:

 Your Spells              Type           Power      Damage    Failure   Level
a - Slow                  Hex            28%        N/A       21%         1

Your spell library contained the following spells:

 Spells                   Type           Power      Damage    Failure   Level
 Inner Flame              Hex/Fire       4%         N/A       71%         3
 Portal Projectile        Hex/Tloc       8%         N/A       71%         3
 Cause Fear               Hex            3%         N/A       90%         4

Inventory:

Hand Weapons
 Y - a +1 sling (weapon)
Armour
 b - a +2 helmet (worn)
 e - a +0 ring mail (worn)
Jewellery
 j - a ring of resist corrosion (left hand)
Scrolls
 k - a scroll of identify {unknown}
Potions
 a - a potion of haste {unknown}
 c - a potion of heal wounds {unknown}
 d - a potion of berserk rage {unknown}
 f - 2 potions of curing {unknown}
 g - a potion of enlightenment {unknown}
 h - a potion of cancellation {unknown}
 i - 2 potions of mutation {unknown}

Dungeon Overview and Level Annotations

Branches:
Dungeon (3/15)

Altars:
Nemelex Xobeh


Message History

Enter note: You shoot a sling bullet.
The sling bullet hits the ball python.
You kill the ball python!
Found 2 stones and a scroll of noise.
You now have 176 gold pieces (gained 4).
You see here 2 stones.
k - a scroll labelled QOAPUI DUURO
Enter note:
Enter note:
Enter note:
Enter note: A giant cockroach comes into view.
Enter note:
Enter note:
Enter note:
Enter note: You shoot a sling bullet.
The sling bullet hits the giant cockroach.
You kill the giant cockroach!
A kobold comes into view.
It is wielding a +0 dagger of distortion and quivering poisoned darts.
The kobold shouts!
Enter note:
Enter note:
Enter note:
Enter note: You shoot a sling bullet.
The sling bullet hits the kobold but does no damage.
You shoot a sling bullet.
The sling bullet closely misses the kobold.
You shoot a sling bullet. The sling bullet hits the kobold.
The kobold is severely wounded.
The kobold hits you with a +0 dagger of distortion.
Space warps horribly around you!
Ouch! That really hurt!
The kobold closely misses you.
You shoot a sling bullet.
The sling bullet closely misses the kobold.
The kobold hits you with a +0 dagger of distortion.
Space warps around you!
You die...

##################
..................
#.####..........#
................#
.#####..........#### .#
#.......>..@K.# .#
#..........##.# .#
#...%......# ..
########>..##...# ## #.
##..# ##..############
##.. #...###...#
##...##... #...#...#.#
##.......#
.......)#.######.......#
.##.###................#


You could see a kobold.

Vanquished Creatures
  A hound (D:3)
  A jelly (D:3)
  An adder (D:3)
  3 dart slugs
  3 endoplasms
  5 giant cockroaches
  6 goblins
  2 hobgoblins
  5 kobolds
  A quokka (D:1)
  3 ball pythons
  2 bats
  2 frilled lizards (D:1)
  7 rats
42 creatures vanquished.

Notes
Turn   | Place    | Note
-------+----------+-------------------------------------------
     0 | D:1      | qw the Gargoyle Hexslinger began the quest for the Orb.
     0 | D:1      | Reached XP level 1. HP: 12/12 MP: 2/2
     0 | D:1      | 0 ||| qw: Version: 0.3-a-46-gb1f654a
     0 | D:1      | 0 ||| qw: Game counter: 1448
     0 | D:1      | 0 ||| qw: Melee chars always use a shield: true
     0 | D:1      | 0 ||| qw: God list: Okawaru
     0 | D:1      | 0 ||| qw: Allow faded altars: false
     0 | D:1      | 0 ||| qw: Do Orc after clearing Dungeon:15 true
     0 | D:1      | 0 ||| qw: Do second Lair branch before Depths: true
     0 | D:1      | 0 ||| qw: Lair rune preference: random
     0 | D:1      | 0 ||| qw: Goals: Normal
     0 | D:1      | 0 ||| PLANNING D:1-11
   225 | D:1      | Reached XP level 2. HP: 16/16 MP: 3/3
   353 | D:1      | 353 ||| FLEEEEING.
   407 | D:1      | Reached skill level 3 in Ranged Weapons
   789 | D:1      | 789 ||| UPGRADING to +0 ring mail.
   799 | D:1      | 799 ||| DROPPING +0 robe.
   800 | D:1      | 800 ||| DROPPING scroll of poison.
   889 | D:2      | Reached XP level 3. HP: 19/21 MP: 4/4
  1046 | D:2      | Found a faded altar of an unknown god.
  1084 | D:2      | Found a sparkling altar of Nemelex Xobeh.
  1255 | D:2      | 1255 ||| UPGRADING to +2 helmet.
  1260 | D:2      | 1260 ||| UPGRADING to ring of resist corrosion.
  1261 | D:2      | 1261 ||| READING scroll labelled KOVUGI VEOGUYR.
  1287 | D:3      | 1287 ||| STAIRDANCE
  1426 | D:3      | Reached skill level 1 in Armour
  1492 | D:3      | Reached XP level 4. HP: 26/26 MP: 5/5
  1538 | D:3      | Reached skill level 4 in Ranged Weapons
  1697 | D:3      | Slain by a kobold

Levels and vault maps discovered:
D:1:      minmay_arrival_stair_chambers, layout_basic
D:2:      layout_rooms, dilly_ecumenical_altar_fadedgnrine, basic_altar
D:3:      layout_rooms

Skill      XL: |  1  2  3  4 |
---------------+-------------+-----
Ranged Weapons | 3 4 |  4.4
Fighting       | 2 |  2.0
Armour         | 1 |  1.3
Dodging        | |  1.5
Spellcasting   | |  1.0
Hexes          | |  2.6

Action                     |  1- 3 |  4- 6 || total
---------------------------+-------+-------++-------
   Fire: Sling             |   129 |    24 ||   153
    Use: Scroll            |     1 |       ||     1
 Armour: Robe              |     5 |       ||     5
         Ring mail         |    39 |     9 ||    48
  Dodge: Dodged            |    51 |    16 ||    67

Table legend:
 A = Non-vault XP
 B = Vault XP
 C = Vault XP percentage of total XP
 D = Non-vault monster count
 E = Vault monster count
 F = Vault count percentage of total count
                 A         B        C        D         E       F
            +---------+---------+-------+---------+---------+-------
      Total |     162 |       0 |   0.0 |      42 |       0 |   0.0
            +---------+---------+-------+---------+---------+-------
        D:1 |      27 |       0 |   0.0 |      16 |       0 |   0.0
        D:2 |      25 |       0 |   0.0 |      14 |       0 |   0.0
        D:3 |     110 |       0 |   0.0 |      12 |       0 |   0.0
            +---------+---------+-------+---------+---------+-------
